 Dungeon Crawl Stone Soup version 0.17-a0-1850-g688e747 (webtiles) character file.

100 Goblin1989 the Cudgeler (level 4, 0/63 HPs)
             Began as a Naga Berserker on Sept 19, 2015.
             Was a Believer of Trog.
             Slain by an orc (3 damage)
             ... on level 3 of the Dungeon.
             The game lasted 00:06:26 (2689 turns).

Goblin1989 the Cudgeler (Naga Berserker)            Turns: 2689, Time: 00:06:26

Health: 0/63       AC:  4    Str: 25    XL:     4   Next: 74%
Magic:  4/4        EV:  9    Int:  8    God:    Trog [**....]
Gold:   140        SH:  0    Dex: 10    Spells: 0 memorised, 3 levels left

rFire  . . .     SeeInvis +     a - +0 mace
rCold  . . .     Clarity  .     s - +0 ring mail
rNeg   . . .     SustAt   .     (no shield)
rPois  +         Gourm    .     (no helmet)
rElec  .         Spirit   .     (no cloak)
rCorr  .         Warding  .     (no gloves)
rMut   .         Stasis   .     (no barding)
MR     .....                    (no amulet)
Stlth  ..........               (no ring)
                                v - ring of flight

@: berserking, quick, not resistant to hostile enchantments, extremely
unstealthy
A: see invisible, deformed body, poison resistance, slowness 2, slow metabolism
1, spit poison 2, AC +1
a: Spit Poison, Burn Spellbooks, Berserk, Trog's Hand, Renounce Religion, Evoke
Flight


You were on level 3 of the Dungeon.
You worshipped Trog.
Trog was pleased with you.
You were not hungry.

You visited 1 branch of the dungeon, and saw 3 of its levels.

You collected 140 gold pieces.

Inventory:

Hand weapons
 a - a +0 mace (weapon)
Missiles
 q - 27 bolts
Armour
 s - a +0 ring mail (worn)
Jewellery
 v - a ring of flight (left hand)
Scrolls
 d - a scroll of blinking {unknown}
 e - 2 scrolls of teleportation {unknown}
 h - 7 scrolls of identify {unknown}
 i - 3 scrolls of remove curse {unknown}
 m - a scroll of amnesia {unknown}
 n - a scroll of immolation {unknown}
 o - a scroll of enchant armour {unknown}
 r - 3 scrolls of enchant weapon {unknown}
 t - a scroll of fog {unknown}
 u - a scroll of random uselessness {unknown}
Potions
 g - a potion of brilliance {unknown}
 j - 3 potions of curing {unknown}
 k - 2 potions of heal wounds {unknown}
 l - a potion of haste {unknown}
 p - a potion of poison {unknown}
 w - a potion of lignification {unknown}
 x - a potion of might {unknown}
 z - a potion of degeneration {unknown}
Comestibles
 b - a meat ration
 c - 2 bread rations
 f - a slice of pizza
 A - a royal jelly


   Skills:
 - Level 3.0 Fighting
 + Level 5.3 Maces & Flails
 - Level 1.5 Armour
 - Level 1.5 Dodging


You had 3 spell levels left.
You didn't know any spells.

Dungeon Overview and Level Annotations

Branches:
Dungeon (3/15)

Altars:
Sif Muna


Innate Abilities, Weirdness & Mutations

You cannot wear boots.
Your serpentine skin is tough (AC +1).
You have supernaturally acute eyesight.
Armour fits poorly on your strangely shaped body.
Your system is resistant to poisons.
You cover ground very slowly.
You have a slow metabolism.
You can spit poison.


Message History

You are too injured to fight recklessly!
You are too injured to fight recklessly!
You bludgeon the orc!!
You feel the power of Trog in you as your rage grows.
You kill the orc!
Trog accepts your kill. The orc hits you with a trident.
* * * LOW HITPOINT WARNING * * *
You see here a trident.
You barely miss the orc. The orc hits you with a trident.
* * * LOW HITPOINT WARNING * * *
You sock the orc!
You kill the orc!
Trog accepts your kill.
You closely miss the orc. The orc hits you.
* * * LOW HITPOINT WARNING * * *
You hit the orc.
The orc is heavily wounded.
The orc hits you.
You die...

## . ## ###### #. .
##....# .##. #..##.##
..# ## #.###..######o#
.. #.#........##@# ..
#.#........##.#
..##.#........##.#
...#.#.......†##.######
........................
...#.#..............###.
.....#.................
..#..#.............####
###..#...........).#


You could see an orc.

Vanquished Creatures
  5 adders (D:2)
  An ooze (D:1)
  A worm (D:2)
  2 orcs (D:3)
  A ball python (D:2)
  7 bats
  4 goblins
  6 hobgoblins
  3 giant cockroaches
  2 giant newts (D:1)
  8 kobolds
  12 rats
52 creatures vanquished.

Notes
Turn   | Place    | Note
--------------------------------------------------------------
     0 | D:1      | Goblin1989 the Naga Berserker began the quest for the Orb.
     0 | D:1      | Reached XP level 1. HP: 21/21 MP: 1/1
   339 | D:1      | Reached XP level 2. HP: 13/28 MP: 2/2
  1351 | D:1      | Reached skill level 4 in Maces & Flails
  1359 | D:1      | Reached XP level 3. HP: 8/34 MP: 3/3
  1847 | D:2      | Acquired Trog's second power
  2009 | D:2      | Reached XP level 4. HP: 40/42 MP: 4/4
  2080 | D:2      | Found a deep blue altar of Sif Muna.
  2196 | D:2      | Reached skill level 5 in Maces & Flails
  2688 | D:3      | HP: 3/63 [orc (3)]
  2689 | D:3      | Slain by an orc

Vault maps used:
D:1:      dpeg_arrival_more_subterranean_lakeside_camping
D:2:      lemuel_blue_sif_altar, first_bread
D:3:      old_standard_altar, ecumenical_altar_1

Action                   |  1- 3 |  4- 6 || total
-------------------------+-------+-------++-------
Melee: Mace              |   113 |    65 ||   178
Invok: Berserk           |       |     1 ||     1
 Abil: Spit Poison       |     1 |       ||     1
  Eat: Chunk             |     2 |     2 ||     4
